 Dungeon Crawl Stone Soup version 0.27.1-4-g1640c2035a (webtiles) character file.

Game seed: 3752004595816266358

82 Ekaitz the Insei (level 4, -1/36 HPs)
             Began as a Draconian Transmuter on Nov 10, 2021.
             Slain by a gnoll (4 damage)
             ... on level 2 of the Dungeon.
             The game lasted 00:03:19 (1915 turns).

Ekaitz the Insei (Draconian Transmuter)             Turns: 1915, Time: 00:03:20

Health: -1/36      AC:  5    Str: 12    XL:     4   Next: 21%
Magic:  4/7        EV: 12    Int: 14    God:
Gold:   99         SH:  0    Dex: 12    Spells: 1/7 levels left

rFire    . . .     SeeInvis .     - Unarmed
rCold    . . .     Faith    .   (no shield)
rNeg     . . .     Spirit   .   (armour unavailable)
rPois    .         Reflect  .   (helmet currently unavailable)
rElec    .         Harm     .   (no cloak)
rCorr    .         Rampage  .   (no gloves)
Will     .....                  (boots currently unavailable)
Stlth    +.........             (no amulet)
HPRegen  0.12/turn              (no ring)
MPRegen  0.10/turn              (no ring)

@: appendages (expiring), wereblooded
A: horns 2, talons 2, AC +5, unfitting armour, cold-blooded
a: End Transformation


You were on level 2 of the Dungeon.
You had temporarily grown beastly horns and talons.
You visited 1 branch of the dungeon, and saw 2 of its levels.

You collected 99 gold pieces.

Inventory:

Hand Weapons
 d - a +1 dagger of pain
Scrolls
 a - a scroll of teleportation {unknown}
 c - a scroll of amnesia {unknown}
Potions
 b - a potion of lignification {unknown}


   Skills:
 * Level 2.0 Fighting
 * Level 2.2 Dodging
 + Level 3.7 Unarmed Combat
 + Level 2.1 Spellcasting
 * Level 2.3 Transmutations
 * Level 1.5 Poison Magic


You had one spell level left.
You knew the following spells:

 Your Spells              Type           Power      Damage    Failure   Level
a - Beastly Appendage     Tmut           16%        N/A       9%          1
b - Wereblood             Tmut           8%         N/A       14%         2
c - Spider Form           Tmut/Pois      3%         N/A       32%         3

Your spell library contained the following spells:

 Spells                   Type           Power      Damage    Failure   Level
 Ice Form                 Ice/Tmut       4%         N/A       82%         4


Dungeon Overview and Level Annotations

Branches:
Dungeon (2/15)

Altars:

Shops:
D:1 =


Innate Abilities, Weirdness & Mutations

You have temporarily grown beastly horns and talons.
Your plain brown scales are hard. (AC +5)
You cannot fit into any form of body armour.
You are cold-blooded and may be slowed by cold attacks.


Message History

You grow a pair of large bovine horns.
Your feet morph into talons.
The gnoll barely misses you.
You hit the gnoll.
The gnoll is severely wounded.
The gnoll barely misses you.
You closely miss the gnoll. Your kick misses the gnoll.
The gnoll is severely wounded.
The gnoll barely misses you.
You closely miss the gnoll.
The gnoll is severely wounded.
The gnoll hits you but does no damage.
You closely miss the gnoll.
The gnoll is severely wounded.
The gnoll hits you but does no damage.
You barely miss the gnoll. Your kick misses the gnoll.
The gnoll is severely wounded.
Your transformation is almost over.
The gnoll hits you with a +0 club.
* * * LOW HITPOINT WARNING * * *
You hit the gnoll. You claw the gnoll.
The gnoll is almost dead.
The gnoll hits you with a +0 club.
* * * LOW HITPOINT WARNING * * *
You closely miss the gnoll. You claw the gnoll, but do no damage.
You tail-slap the gnoll, but do no damage.
The gnoll is almost dead.
The gnoll hits you with a +0 club.
* * * LOW HITPOINT WARNING * * *
Unknown command.
You hit the gnoll but do no damage. You claw the gnoll.
You feel a bit better.
You kill the gnoll!
Unknown command.
You hit the gnoll.
The gnoll is lightly wounded.
The gnoll misses you.
You closely miss the gnoll. You claw the gnoll, but do no damage.
Your headbutt misses the gnoll.
The gnoll is lightly wounded.
The gnoll hits you with a +0 flail.
You die...

#####..#.##..#.##..##......#
#÷.#.##..#.##..##.##.#.#
#..............##....#.#
#..##.#..#####.##.#..#)#
#.)......# #.##......######
#.......## #...............
####...## ######.#####.#####
#.>.# #.........##.# ### #...#
#@####....##.#####
...#####...#####g# #.#..##.....#
#..............g# #...........#
#...............# ##....).....#
#..............#####.....#.....#
#)#####...###### #.......#.....#
#. #...# #÷#.....####### #.
......# #.##...## # #. #.#....#
#.###### ####


You could see 2 gnolls.

Vanquished Creatures
  Robin (D:2)
  2 gnolls (D:2)
  An adder (D:2)
  A dart slug (D:2)
  4 endoplasms
  2 hobgoblins
  2 kobolds
  A quokka (D:2)
  5 ball pythons
  6 bats
  4 frilled lizards (D:1)
  9 goblins
  4 rats
42 creatures vanquished.

Notes
Turn   | Place    | Note
-------+----------+-------------------------------------------
     0 | D:1      | Ekaitz the Draconian Transmuter began the quest for the
                  | Orb.
     0 | D:1      | Reached XP level 1. HP: 16/16 MP: 3/3
   129 | D:1      | Found a faded altar of an unknown god.
   351 | D:1      | Found Atheap's Jewellery Boutique.
   377 | D:1      | Reached XP level 2. HP: 21/23 MP: 3/5
   380 | D:1      | Learned a level 2 spell: Wereblood
  1156 | D:2      | Reached XP level 3. HP: 23/28 MP: 6/6
  1156 | D:2      | Noticed Robin
  1431 | D:1      | Learned a level 3 spell: Spider Form
  1439 | D:2      | Killed Robin
  1440 | D:2      | Reached skill level 1 in Poison Magic
  1882 | D:2      | Reached XP level 4. HP: 26/36 MP: 7/7
  1915 | D:2      | Slain by a gnoll

Illustrated notes

Levels and vault maps discovered:
D:1:      scummos_arrival_simple_crosswalls, layout_basic,
          shapermc_ecumenical_altar_starsandcircs, serial_shops,
          nicolae_diamond_shop, st_stairs_3
D:2:      layout_loops_cross, uniq_robin

Skill      XL: |  1  2  3 |
---------------+----------+-----
Dodging        | 2 |  2.2
Poison Magic   | 1 |  1.5
Fighting       | 2 |  2.0
Unarmed Combat | |  3.7
Spellcasting   | |  2.1
Transmutations | |  2.3

Action                   |  1- 3 |  4- 6 || total
-------------------------+-------+-------++-------
Melee: Unarmed           |   138 |    17 ||   155
       Kick              |     4 |     4 ||     8
       Tailslap          |     9 |     2 ||    11
       Punch             |       |     1 ||     1
 Cast: Beastly Appendage |     6 |     1 ||     7
       Wereblood         |       |     1 ||     1
 Stab: Sleeping          |     1 |       ||     1
Armor: Skin              |    56 |     3 ||    59
Dodge: Dodged            |   110 |     7 ||   117
